 Dungeon Sprint DCSS version bcrawl-1.13.5 (webtiles) character file.

Game seed: 88442558963370891

10400000 Groucho the Ninja (level 27, -21/266 HPs)
             Began as a Demonspawn Rogue on Aug 22, 2019.
             Was the Champion of Makhleb.
             Demolished by a bag of meat
             ... wielding a +9 war axe
              (36 damage)
             ... in the Dungeon (Sprint VIII: "Arena of Blood").
             The game lasted 00:04:55 (104 turns).

Groucho the Ninja (Demonspawn Rogue)                 Turns: 104, Time: 00:04:55

Health: -21/266    AC:  9    Str: 15    XL:     27
Magic:  0/54       EV: 36    Int: 14    God:    Makhleb [******]
Gold:   0          SH:  0    Dex: 23    Spells: 80/80 levels left

rFire    . . .     SeeInvis .   o - +∞ Axe of Woe
rCold    + . .     Gourm    .   (shield currently unavailable)
rNeg     . . .     Faith    .   c - +0 robe
rPois    .         Spirit   +   (no helmet)
rElec    .         Reflect  .   d - +0 cloak
rCorr    .         Harm     .   (no gloves)
MR       ++...     NoTele   +   (boots unavailable)
Stlth    +++++++++.             (no amulet)
HPRegen  0.54/turn              (no ring)
MPRegen  0.68/turn              (no ring)

@: no status effects
A: talons 3, rugged brown scales 3, cold resistance 1, demonic guardian 3,
passive freeze, magic shield, magic regeneration, magic link, freezing cloud
immunity
a: Minor Destruction, Lesser Servant of Makhleb, Major Destruction, Greater
Servant of Makhleb, Renounce Religion


You were in the Dungeon.
You worshipped Makhleb.
Makhleb was exalted by your worship.
You were not hungry.

You visited 1 branch

Inventory:

Hand Weapons
 a - a +2 dagger
 b - a +0 blowgun
 o - the +∞ Axe of Woe (weapon)
   (You found it in the Dungeon)
Missiles
 e - 80 poisoned needles
Armour
 c - a +0 robe (worn)
 d - a +0 cloak (worn)
Wands
 f - a wand of flame (15)
 g - a wand of enslavement (15)
Scrolls
 n - a scroll of blinking
Potions
 i - a potion of curing
 j - a potion of heal wounds
 k - a potion of haste
 l - 2 potions of magic
 m - a potion of berserk rage
Comestibles
 h - a ration {!d}


   Skills:
 O Level 27 Fighting
 O Level 27 Short Blades
 O Level 27 Axes
 O Level 27 Throwing
 O Level 27 Armour
 O Level 27 Dodging
 O Level 27 Stealth
 O Level 27 Unarmed Combat
 O Level 27 Spellcasting
 O Level 27 Invocations
 O Level 27 Evocations


You had 80 spell levels left.
You didn't know any spells.
Your spell library was empty.

Dungeon Overview and Level Annotations

Branches:
Dungeon (1/1)

Altars:
Makhleb


Innate Abilities, Weirdness & Mutations

You have claws for feet.
You are completely covered in rugged brown scales. (AC +3, +7% HP)
Your flesh is cold resistant. (rC+)
A powerful demonic guardian rushes to your aid.
A frigid envelope surrounds you and freezes all who hurt you.
When hurt, damage is shared between your health and your magic reserves.
You regenerate magic rapidly.
When low on magic, you restore magic in place of health.
You are immune to freezing clouds.


Message History

You hear a shout! x4; You feel something staring at you.
Something smites you!
The bag of meat moves out of view. x2
You hear a shout!
A destroyer comes into view.
It is wielding a +9 great sword of slicing.
Items here: % ))))))))))))))) =============== ††† You swap places.
You are engulfed in blazing flames.
You hear a shout!
You hear two shouts!
You hear a shout!
You feel something staring at you. Something smites you!
The destroyer is engulfed in blazing flames.
The destroyer hits you with a +9 great sword of slicing!!!!!
Ouch! That really hurt!
* * * LOW HITPOINT WARNING * * *
x2 The destroyer completely resists.
The destroyer completely misses you.
Your lorocyproca is engulfed in blazing flames.
Your lorocyproca hits the destroyer!
The destroyer's magic leaks into the air.
The bag of meat is engulfed in blazing flames.
The bag of meat hits you with a +9 war axe!!!
You die...

.... .. ..o
..... #.. ...# o
#.. ...# .
..###.. ...###..
..%.%.L###......
......2o_)......
#oo§☼§# #_)@o§#
#.)2V§#
...%..O_.......
....%.###......
.###%o x..###.o
#.. ..%# . #..
...# .. ..... ..


oV You could see a meat beast, a tyrant, a destroyer, a meat berserker
(berserk), 5 bags of meat and a friendly lorocyproca (invisible).

Vanquished Creatures
  6 hell beasts (D)
  Edmund (D)
  2 greater mummies (D)
  A wraith (D)
  Harold (D)
  16 vampire knights (D)
  25 ogres (D)
  5 two-headed ogres (D)
  2 liches (D)
  3 hydras (D)
  45 orcs (D)
  A phantom (D)
  A skeletal warrior (D)
  2 large abominations (D)
  A small abomination (D)
  2 crawling corpses (D)
114 creatures vanquished.

Vanquished Creatures (collateral kills)
  A crawling corpse (D)
1 creature vanquished.

Vanquished Creatures (others)
  2 crawling corpses (D)
2 creatures vanquished.

Grand Total: 117 creatures vanquished

Notes
Turn   | Place    | Note
-------+----------+-------------------------------------------
     0 | D        | Found the +∞ Axe of Woe
     0 | D        | Groucho the Demonspawn Rogue began the quest for the Orb.
     0 | D        | Reached XP level 1. HP: 13/13 MP: 2/2
     3 | D        | Noticed a meat berserker
     3 | D        | Noticed a bag of meat
     4 | D        | Noticed a bag of meat
     7 | D        | Noticed a bag of meat
     8 | D        | Killed a bag of meat
     8 | D        | Gained mutation: When hurt, damage is shared between your
                  | health and your magic reserves. [demonic ancestry]
     8 | D        | Reached XP level 2. HP: 19/19 MP: 2/7
     8 | D        | Gained mutation: A weak demonic guardian rushes to your
                  | aid. [demonic ancestry]
     8 | D        | Reached XP level 3. HP: 24/24 MP: 2/8
     8 | D        | Gained mutation: You are partially covered in rugged brown
                  | scales. (AC +1, +3% HP) [demonic ancestry]
     8 | D        | Reached XP level 4. HP: 24/30 MP: 2/10
     8 | D        | Reached XP level 5. HP: 29/36 MP: 2/11
     8 | D        | Reached XP level 6. HP: 34/42 MP: 2/12
     8 | D        | Reached XP level 7. HP: 38/47 MP: 2/13
     8 | D        | Gained mutation: You are mostly covered in rugged brown
                  | scales. (AC +2, +5% HP) [demonic ancestry]
     8 | D        | Reached XP level 8. HP: 38/54 MP: 2/14
     8 | D        | Gained mutation: You have sharp toenails. [demonic
                  | ancestry]
     8 | D        | Reached XP level 9. HP: 41/59 MP: 2/15
     8 | D        | Reached XP level 10. HP: 46/66 MP: 2/16
     8 | D        | Reached XP level 11. HP: 50/71 MP: 2/17
     8 | D        | Noticed a bag of meat
     8 | D        | Noticed a bag of meat
     8 | D        | Noticed a bag of meat
     8 | D        | Noticed a meat berserker
     9 | D        | Killed a meat berserker
     9 | D        | Gained mutation: You have razor-sharp toenails. [demonic
                  | ancestry]
     9 | D        | Reached XP level 12. HP: 55/77 MP: 2/22
     9 | D        | Reached XP level 13. HP: 58/82 MP: 2/23
     9 | D        | Noticed a bag of meat
    10 | D        | Killed a meat berserker
    10 | D        | Reached skill level 15 in Axes
    10 | D        | Gained mutation: You regenerate magic rapidly. [demonic
                  | ancestry]
    10 | D        | Reached XP level 14. HP: 64/89 MP: 2/26
    11 | D        | Killed a bag of meat
    11 | D        | Reached skill level 15 in Dodging
    11 | D        | Reached skill level 27 in Stealth
    11 | D        | Gained mutation: When low on magic, you restore magic in
                  | place of health. [demonic ancestry]
    11 | D        | Reached XP level 15. HP: 33/94 MP: 2/28
    14 | D        | Gained mutation: You are completely covered in rugged brown
                  | scales. (AC +3, +7% HP) [demonic ancestry]
    14 | D        | Reached XP level 16. HP: 34/102 MP: 3/30
    18 | D        | Became a worshipper of Makhleb the Destroyer
    18 | D        | Noticed a destroyer
    20 | D        | Noticed a large bag of meat
    20 | D        | Noticed a meat berserker
    20 | D        | Noticed a meat berserker
    23 | D        | Noticed a meat berserker
    24 | D        | Noticed a destroyer
    24 | D        | Killed a destroyer
    24 | D        | Reached XP level 17. HP: 36/108 MP: 10/31
    24 | D        | Noticed a large bag of meat
    25 | D        | Killed a meat berserker
    25 | D        | Reached * piety under Makhleb
    25 | D        | Reached skill level 27 in Axes
    25 | D        | Reached skill level 27 in Dodging
    25 | D        | Reached skill level 5 in Fighting
    25 | D        | Gained mutation: A demonic guardian rushes to your aid.
                  | [demonic ancestry]
    25 | D        | Reached XP level 18. HP: 125/129 MP: 10/32
    25 | D        | Killed a meat berserker
    25 | D        | Noticed a meat berserker
    25 | D        | Noticed a destroyer
    27 | D        | Killed a large bag of meat
    27 | D        | Reached skill level 10 in Armour
    27 | D        | Reached skill level 10 in Unarmed Combat
    27 | D        | Reached skill level 10 in Spellcasting
    27 | D        | Noticed a meat berserker
    28 | D        | Killed a meat berserker
    28 | D        | Reached ** piety under Makhleb
    28 | D        | Reached XP level 19. HP: 125/161 MP: 8/35
    28 | D        | Killed a destroyer
    28 | D        | Reached skill level 15 in Fighting
    29 | D        | Noticed a meat berserker
    30 | D        | Noticed a destroyer
    30 | D        | Noticed a meat berserker
    31 | D        | Killed a meat berserker
    31 | D        | Reached skill level 15 in Armour
    31 | D        | Reached skill level 15 in Unarmed Combat
    31 | D        | Reached skill level 15 in Spellcasting
    31 | D        | Gained mutation: Your flesh is cold resistant. (rC+)
                  | [demonic ancestry]
    31 | D        | Reached XP level 20. HP: 162/179 MP: 7/39
    31 | D        | Killed a destroyer
    31 | D        | Reached *** piety under Makhleb
    33 | D        | Killed a meat berserker
    33 | D        | Reached XP level 21. HP: 193/193 MP: 9/43
    33 | D        | Reached skill level 27 in Evocations
    33 | D        | Killed a large bag of meat
    33 | D        | Reached **** piety under Makhleb
    35 | D        | Reached skill level 27 in Invocations
    35 | D        | Reached XP level 22. HP: 210/214 MP: 9/47
    35 | D        | Killed a destroyer
    35 | D        | Reached ***** piety under Makhleb
    38 | D        | Noticed a destroyer
    40 | D        | Gained mutation: You have claws for feet. [demonic
                  | ancestry]
    40 | D        | Reached XP level 23. HP: 230/230 MP: 9/51
    40 | D        | Noticed a destroyer
    41 | D        | Noticed a large bag of meat
    43 | D        | Noticed The Servant
    43 | D        | Reached skill level 27 in Fighting
    46 | D        | Killed a destroyer
    46 | D        | Reached skill level 27 in Short Blades
    46 | D        | Reached skill level 27 in Throwing
    46 | D        | Reached skill level 27 in Armour
    46 | D        | Reached skill level 27 in Unarmed Combat
    46 | D        | Reached skill level 27 in Spellcasting
    46 | D        | Gained mutation: You are immune to freezing clouds.
                  | [demonic ancestry]
    46 | D        | Reached XP level 24. HP: 242/242 MP: 9/54
    46 | D        | Noticed a destroyer
    48 | D        | Reached ****** piety under Makhleb
    48 | D        | Noticed a destroyer
    48 | D        | Noticed a destroyer
    49 | D        | Noticed a large bag of meat
    51 | D        | Killed a destroyer
    51 | D        | Reached XP level 25. HP: 250/250 MP: 11/54
    52 | D        | Killed a destroyer
    53 | D        | Killed a destroyer
    54 | D        | Killed a large bag of meat
    54 | D        | Gained mutation: A powerful demonic guardian rushes to your
                  | aid. [demonic ancestry]
    54 | D        | Reached XP level 26. HP: 258/258 MP: 11/54
    54 | D        | Noticed a destroyer
    56 | D        | Noticed a destroyer
    56 | D        | Killed The Servant
    58 | D        | Killed a large bag of meat
    58 | D        | Gained mutation: A frigid envelope surrounds you and
                  | freezes all who hurt you. [demonic ancestry]
    58 | D        | Reached XP level 27. HP: 266/266 MP: 5/54
    61 | D        | Noticed a destroyer
    62 | D        | Killed a destroyer
    64 | D        | Killed a destroyer
    66 | D        | Killed a destroyer
    67 | D        | Noticed a meat beast
    68 | D        | Noticed a destroyer
    69 | D        | Killed a meat beast
    69 | D        | Noticed a meat beast
    71 | D        | Noticed a dread
    72 | D        | Noticed a destroyer
    73 | D        | Killed a meat beast
    73 | D        | Noticed a destroyer
    75 | D        | Noticed a tyrant
    76 | D        | Killed a destroyer
    76 | D        | Noticed a tyrant
    77 | D        | Noticed a destroyer
    81 | D        | Killed a dread
    82 | D        | Killed a destroyer
    82 | D        | Killed a destroyer
    82 | D        | Killed a destroyer
    84 | D        | Noticed a destroyer
    85 | D        | Killed a tyrant
    86 | D        | Noticed a meat beast
    86 | D        | Noticed a meat beast
    87 | D        | Noticed a large bag of meat
    89 | D        | Killed a tyrant
    90 | D        | Killed a meat beast
    91 | D        | Killed a meat beast
    92 | D        | Noticed an accursed
    94 | D        | Noticed a destroyer
    95 | D        | Noticed a meat beast
    96 | D        | Killed a large bag of meat
    96 | D        | Noticed The Defiler
    96 | D        | Noticed a meat beast
    96 | D        | Noticed an accursed
    99 | D        | Killed an accursed
   100 | D        | Killed a meat beast
   101 | D        | Noticed a tyrant
   101 | D        | Noticed a meat beast
   101 | D        | Killed an accursed
   101 | D        | Killed a meat beast
   102 | D        | Killed a destroyer
   102 | D        | Killed The Defiler
   102 | D        | Noticed an accursed
   103 | D        | Noticed a meat beast
   104 | D        | Noticed a destroyer
   104 | D        | Demolished by a bag of meat

Skill      XL: |  1  2  3  4  5  6  7  8  9 10 11 12 13 14 15 16 17 18 19 20 21 22 23 |
---------------+----------------------------------------------------------------------+-----
Short Blades   | 8 9 14 17 19 22 24 27 | 27.0
Axes           | 3 12 15 16 20 26 27 | 27.0
Throwing       | 7 9 14 17 19 22 24 27 | 27.0
Stealth        | 23 25 26 27 | 27.0
Evocations     | 8 14 17 18 21 23 25 26 27 | 27.0
Dodging        | 11 14 15 20 25 27 | 27.0
Fighting       | 5 13 17 19 23 26 27 | 27.0
Armour         | 4 12 15 18 21 24 27 | 27.0
Unarmed Combat | 4 12 15 18 21 24 27 | 27.0
Spellcasting   | 4 12 15 18 21 24 27 | 27.0
Invocations    | 7 17 21 24 27 | 27.0

Action                   |  1- 3 |  4- 6 |  7- 9 | 10-12 | 13-15 | 16-18 | 19-21 | 22-24 | 25-27 || total
-------------------------+-------+-------+-------+-------+-------+-------+-------+-------+-------++-------
Melee: Executioner's axe |     1 |       |       |     1 |     4 |     5 |     3 |    10 |    39 ||    63
Armor: Robe              |       |       |       |       |       |       |     1 |       |       ||     1
Dodge: Dodged            |       |       |       |       |       |       |     1 |       |     5 ||     6
